 Dungeon Crawl Stone Soup version 0.23.2-33-g5129a83184 (webtiles) character file.

Game seed: 15867270880306803478

10897 Gwenloh the Fighter (level 11, -5/183 HPs)
             Began as an Ogre Hunter on July 14, 2019.
             Was a High Priest of Okawaru.
             Slain by Rupert
             ... wielding a +2 executioner's axe of chopping
              (20 damage)
             ... on level 2 of the Lair of Beasts on July 17, 2019.
             The game lasted 01:20:21 (13674 turns).

Gwenloh the Fighter (Ogre Hunter)                  Turns: 13674, Time: 01:20:22

Health: -5/183     AC:  7    Str: 23    XL:     11   Next: 69%
Magic:  0/14       EV: 19    Int: 12    God:    Okawaru [*****.]
Gold:   549        SH:  0    Dex: 15    Spells: 5/10 levels left

rFire    . . .     SeeInvis .   s - +2 whip (elec)
rCold    . . .     Gourm    .   (no shield)
rNeg     . . .     Faith    .   P - +2 robe {MR+}
rPois    .         Spirit   +   (helmet restricted)
rElec    .         Reflect  .   r - +1 cloak
rCorr    .         Harm     .   (gloves unavailable)
MR       ++...                  (boots unavailable)
Stlth    ..........             B - amulet of guardian spirit
HPRegen  0.40/turn              D - +3 ring of dexterity
MPRegen  0.14/turn              (no ring)

@: berserking, heroism, hasted, very quick
A: large, unfitting armour, tough skin 1
a: Heroism, Finesse, Renounce Religion


You were on level 2 of the Lair of Beasts.
You worshipped Okawaru.
Okawaru was extremely pleased with you.
You were not hungry.

You visited 3 branches of the dungeon, and saw 13 of its levels.

You collected 549 gold pieces.

Inventory:

Hand Weapons
 s - a +2 whip of electrocution (weapon)
 y - a +5 dagger of venom
 R - a +2 vampiric battleaxe
Missiles
 c - 4 large rocks
 d - 2 throwing nets (quivered)
 g - a silver javelin
 Q - a silver tomahawk
Armour
 m - a +2 robe of positive energy
 r - a +1 cloak (worn)
 P - a +2 robe of magic resistance (worn)
Jewellery
 q - a +5 amulet of reflection
 B - an amulet of guardian spirit (around neck)
 D - a +3 ring of dexterity (left hand)
 F - an uncursed amulet of guardian spirit
 M - an uncursed ring of ice
Wands
 a - a wand of acid (9)
 t - a wand of scattershot (16)
 u - a wand of polymorph (8)
 v - a wand of disintegration (32)
 w - a wand of flame (19)
 x - a wand of paralysis (16)
 J - a wand of iceblast (33)
 L - a wand of digging (6)
Scrolls
 b - 5 scrolls of teleportation
 j - 3 scrolls of enchant weapon
 k - 2 scrolls of remove curse
 H - 3 scrolls of amnesia
 I - a scroll of fear
Potions
 e - 2 potions of haste
 h - 2 potions of berserk rage
 i - a potion of curing
 l - 2 potions of mutation
 n - 2 potions of might
 o - 4 potions of flight
 p - 2 potions of lignification
 z - 2 potions of resistance
 A - 2 potions of brilliance
 E - a potion of invisibility {unknown}
 G - 2 potions of agility
 N - a potion of magic {unknown}
 O - a potion of ambrosia {unknown}
Miscellaneous
 K - a lamp of fire
Comestibles
 f - 17 rations


   Skills:
 * Level 11.6(16.6) Fighting
 * Level 7.6(12.6) Maces & Flails
 * Level 9.8(14.8) Throwing
 * Level 8.4(13.4) Dodging
 - Level 0.6(5.6) Stealth
 + Level 2.5 Hexes
 + Level 4.2 Invocations


You had 5 spell levels left.
You knew the following spells:

 Your Spells              Type           Power        Failure   Level  Hunger
a - Apportation           Tloc           #.....       32%         1    ##.....
b - Summon Butterflies    Summ           #.......     32%         1    ##.....
c - Portal Projectile     Hex/Tloc       #.....       52%         3    ####...

Your spell library contained the following spells:

 Spells                   Type           Power        Failure   Level  Hunger
 Confusing Touch          Hex            #.....       12%         1    ##.....
 Corona                   Hex            #......      12%         1    ##.....
 Slow                     Hex            #.......     19%         2    ###....
 Confuse                  Hex            #.......     34%         3    ####...
 Tukima's Dance           Hex            #.......     34%         3    ####...
 Inner Flame              Hex/Fire       #.......     52%         3    ####...
 Gell's Gravitas          Tloc           #.........   69%         3    ####...
 Lesser Beckoning         Tloc           #.........   69%         3    ####...
 Cause Fear               Hex            #.........   75%         4    #####..
 Leda's Liquefaction      Hex/Erth       #.........   89%         4    #####..
 Petrify                  Tmut/Erth      #.......     97%         4    #####..
 Metabolic Englaciation   Hex/Ice        #.........   99%         5    ######.
 Yara's Violent Unravell  Hex/Tmut       #.........   99%         5    ######.
 Alistair's Intoxication  Tmut/Pois      #.......     100%        5    ######.
 Invisibility             Hex            #.......     100%        6    #######


Dungeon Overview and Level Annotations

Branches:
Dungeon (9/15)             Temple (1/1) D:6            Lair (3/6) D:8
 Shoals (0/4) Lair:2       Spider (0/4) Lair:2
    Orc: D:9-12

Altars:
Ashenzari
Cheibriados
Dithmenos
Elyvilon
Fedhas
Gozag
Hepliaklqana
Kikubaaqudgha
Makhleb
Nemelex Xobeh
Okawaru
Qazlal
Ru
Sif Muna
Trog
Uskayaw
Vehumet
Wu Jian
Xom
Yredelemnul
Zin
The Shining One

Annotations:
D:5 Statics's ghost, novice MfGl
D:9 Grum
Lair:2 Rupert


Innate Abilities, Weirdness & Mutations

You are too large for most types of armour.
You have tough skin. (AC +1)


Message History

Rupert is heavily wounded.
Rupert closely misses you.
You whack Rupert! Lightning courses through Rupert!
Rupert is severely wounded.
The basilisk bites you but does no damage.
You hit Rupert but do no damage. Lightning courses through Rupert!!
Rupert is almost dead.
You barely miss Rupert.
Rupert is almost dead.
Rupert closely misses you.
You hit Rupert.
Rupert is almost dead.
The basilisk gazes at you. You resist with almost no effort.
You whack Rupert!
Rupert is almost dead.
You barely miss Rupert.
Rupert is almost dead.
Rupert hits you with a +2 executioner's axe of chopping!!
You die...

#...## ##.##....##.......##..#
######### #..#.#+.###...P.....##.
#.#..# ###......###........##.
####....####....[.....#..#.......
#..#....##....##.#.....##..#.....
.......#............[............
#..#####..#..........##..........
########......8..@8...#..#.......
..........#.....@l....#.....#.#.#
..#P#..#......8...8..............
######.....#.........##.....#.#.#
##.#..#..#...##.#..##[.>....
####.....#####.....#...#.#.# ###
#.###............####P....... ..#
#...#P..##.....### #..##.#.#
..###......#..#...### ##....##.
...P#..).......#....## ##...###.


You could see Rupert (berserk) and a basilisk.

Vanquished Creatures
  Harold (D:8)
  Erica (D:8)
  Pikel (D:7)
  2 black mambas
  2 spiny frogs (Lair:1)
  A rime drake (Lair:2)
  5 blink frogs (Lair:1)
  Prince Ribbit (D:8)
  Grinder (D:4)
  A redback (Lair:2)
  A wyvern (Lair:1)
  3 yaks (Lair:1)
  A basilisk (Lair:1)
  Menkaure (D:4)
  A water moccasin (Lair:1)
  4 porcupines (Lair:1)
  2 slaves (D:6)
  2 phantoms
  A sky beast (D:7)
  An ice beast (D:6)
  17 wolves
  3 ogres
  A centaur (D:6)
  7 crocodiles
  11 bullfrogs
  A wyvern zombie (D:8)
  A scorpion (D:3)
  6 killer bees (D:7)
  3 wights (D:7)
  2 howler monkeys (D:4)
  4 crimson imps
  A quasit (D:5)
  4 orc priests (D:4)
  Crazy Yiuf (D:3)
  4 hounds
  An orc wizard (D:4)
  A centaur skeleton (D:6)
  Ijyb (D:4)
  Jessica (D:3)
  An iguana (D:7)
  7 worker ants
  Natasha (thrice) (D:4)
  A worker ant zombie (D:5)
  A howler monkey zombie (D:7)
  7 gnolls
  5 adders
  3 shadow imps
  3 adder skeletons
  2 worms (D:3)
  A dart slug (D:1)
  13 orcs
  2 giant cockroaches (D:1)
  6 hobgoblins
  11 jackals
  4 kobolds
  5 quokkas
  2 ball pythons (D:3)
  8 bats
  5 frilled lizards
  A giant cockroach zombie (D:6)
  6 goblins
  A leopard gecko skeleton (D:7)
  2 leopard gecko zombies
  10 rats
  2 plants (Lair:1)
215 creatures vanquished.

Vanquished Creatures (collateral kills)
  An orc wizard (D:5)
1 creature vanquished.

Vanquished Creatures (others)
  A slave (D:7)
  3 bushes (Lair:1)
  4 fungi (Lair:1)
  22 plants (Lair:1)
30 creatures vanquished.

Grand Total: 246 creatures vanquished

Notes
Turn   | Place    | Note
-------+----------+-------------------------------------------
     0 | D:1      | Gwenloh the Ogre Hunter began the quest for the Orb.
     0 | D:1      | Reached XP level 1. HP: 22/22 MP: 1/1
   157 | D:1      | Reached skill level 3 in Fighting
   185 | D:1      | Reached XP level 2. HP: 12/31 MP: 2/2
   858 | D:2      | Reached XP level 3. HP: 37/37 MP: 3/3
  1073 | D:2      | Found a glowing golden altar of the Shining One.
  1390 | D:2      | You fall through a shaft!
  1823 | D:3      | Noticed a scorpion
  1829 | D:3      | Killed a scorpion
  1829 | D:3      | Reached skill level 4 in Fighting
  1829 | D:3      | Reached XP level 4. HP: 14/48 MP: 4/4
  2262 | D:3      | Reached XP level 5. HP: 25/55 MP: 5/5
  2690 | D:2      | Reached skill level 5 in Throwing
  2798 | D:3      | Noticed Jessica
  2817 | D:3      | Killed Jessica
  2880 | D:3      | Found a runed translucent door.
  2881 | D:3      | Noticed Crazy Yiuf
  3151 | D:3      | Reached XP level 6. HP: 59/65 MP: 6/6
  3399 | D:3      | Killed Crazy Yiuf
  3399 | D:3      | Reached skill level 5 in Fighting
  3399 | D:3      | Reached skill level 1 in Maces & Flails
  3484 | D:4      | Noticed Ijyb
  3539 | D:4      | Noticed Grinder
  3549 | D:4      | Killed Grinder
  3549 | D:4      | Reached XP level 7. HP: 72/72 MP: 7/7
  4028 | D:4      | Reached skill level 6 in Fighting
  4152 | D:4      | Killed Ijyb
  4176 | D:4      | Noticed Natasha
  4180 | D:4      | Killed Natasha
  4186 | D:4      | Noticed Natasha
  4188 | D:4      | Killed Natasha
  4352 | D:4      | Noticed Menkaure
  4358 | D:4      | Killed Menkaure
  4358 | D:4      | Reached XP level 8. HP: 84/84 MP: 8/8
  4620 | D:4      | Noticed Natasha
  4623 | D:4      | Killed Natasha
  4676 | D:5      | Entered Level 5 of the Dungeon
  4770 | D:5      | Found a transporter.
  4790 | D:5      | Found a transporter.
  4859 | D:5      | Noticed Statics's ghost (novice MfGl)
  4885 | D:5      | Reached skill level 7 in Fighting
  4967 | D:5      | Reached skill level 5 in Dodging
  5531 | D:6      | Found a snail-covered altar of Cheibriados.
  5885 | D:6      | Found a staircase to the Ecumenical Temple.
  5905 | D:6      | Reached XP level 9. HP: 96/96 MP: 9/9
  5984 | D:6      | Reached skill level 8 in Fighting
  6161 | D:6      | Found a stormy altar of Qazlal.
  6207 | Temple   | Entered the Ecumenical Temple
  6306 | Temple   | Became a worshipper of Warmaster Okawaru
  6359 | D:7      | Noticed Pikel
  6414 | D:7      | You fall through a shaft for 2 floors!
  6614 | D:9      | Noticed Grum
  6699 | D:7      | Found a blossoming altar of Fedhas.
  6790 | D:7      | Reached * piety under Okawaru
  6859 | D:7      | Found a burning altar of Makhleb.
  6921 | D:7      | Reached skill level 5 in Maces & Flails
  6951 | D:7      | Reached skill level 9 in Fighting
  7151 | D:7      | Killed Pikel
  7151 | D:7      | Reached ** piety under Okawaru
  7490 | D:7      | Found a sparkling altar of Nemelex Xobeh.
  7559 | D:7      | Found a glowing silver altar of Zin.
  7578 | D:7      | Reached XP level 10. HP: 96/107 MP: 10/10
  7930 | D:8      | Noticed Prince Ribbit
  7934 | D:8      | Killed Prince Ribbit
  8140 | D:8      | Noticed Harold
  8230 | D:8      | Killed Harold
  8230 | D:8      | Reached *** piety under Okawaru
  8230 | D:8      | Reached skill level 10 in Fighting
  8230 | D:8      | Reached skill level 1 in Invocations
  8463 | D:8      | Found a staircase to the Lair.
  8530 | D:8      | Noticed Erica
  8578 | D:8      | Killed Erica
  8961 | D:8      | Learned a level 1 spell: Apportation
  8963 | D:8      | Learned a level 1 spell: Summon Butterflies
  8967 | D:8      | Learned a level 3 spell: Portal Projectile
  9134 | Lair:1   | Entered Level 1 of the Lair of Beasts
  9145 | Lair:1   | Noticed a black mamba
  9154 | Lair:1   | Killed a black mamba
  9172 | Lair:1   | Reached **** piety under Okawaru
  9753 | D:8      | Received a gift from Okawaru
  9822 | Lair:1   | Reached skill level 1 in Hexes
  9997 | Lair:1   | Reached XP level 11. HP: 84/119 MP: 13/13
 10392 | Lair:1   | Received a gift from Okawaru
 10597 | Lair:1   | Reached skill level 11 in Fighting
 11683 | Lair:1   | Reached ***** piety under Okawaru
 11949 | Lair:1   | Received a gift from Okawaru
 12681 | Lair:2   | Received a gift from Okawaru
 12852 | Lair:2   | Found a hole to the Spider Nest.
 13067 | Lair:2   | Found a staircase to the Shoals.
 13402 | Lair:3   | Noticed Rupert
 13674 | Lair:2   | Slain by Rupert

Skill      XL: |  1  2  3  4  5  6  7  8  9 10 11 |
---------------+----------------------------------+-----
Fighting       | 3 4 5 6 7 9 10 11 | 11.6
Dodging        | 2 3 4 5 6 7 8 |  8.4
Throwing       | 5 6 7 8 9 |  9.8
Maces & Flails | 2 3 4 5 6 7 |  7.6
Invocations    | 3 4 |  4.2
Hexes          | 1 2 |  2.5
Stealth        | |  0.6

Action                   |  1- 3 |  4- 6 |  7- 9 | 10-12 || total
-------------------------+-------+-------+-------+-------++-------
Melee: Short sword       |   125 |       |       |       ||   125
       Whip              |    22 |   132 |     6 |   366 ||   526
       Quarterstaff      |       |     5 |   250 |       ||   255
       Punch             |       |       |       |     1 ||     1
Throw: Large rock        |     9 |     7 |     8 |    12 ||    36
       Throwing net      |     1 |     1 |       |     1 ||     3
       Tomahawk          |       |       |    58 |     6 ||    64
       Javelin           |       |       |       |    18 ||    18
Invok: Heroism           |       |       |     1 |     5 ||     6
Evoke: Wand              |       |       |       |     1 ||     1
  Use: Scroll            |     9 |     2 |     3 |    11 ||    25
       Potion            |       |       |     3 |     4 ||     7
 Stab: Held in net/web   |     1 |       |       |     1 ||     2
       Sleeping          |     1 |     1 |     1 |       ||     3
  Eat: Chunk             |     3 |     6 |    11 |    15 ||    35
       Ration            |       |       |       |     2 ||     2
Armor: Robe              |    58 |    43 |    80 |    39 ||   220
Dodge: Dodged            |    91 |    61 |   166 |   181 ||   499
Block: Other             |       |    25 |    62 |    39 ||   126
       Reflection        |       |     1 |       |       ||     1
